 Dungeon Crawl Stone Soup version 0.28.0-53-g5a82cb258f (webtiles) character file.

Game seed: 2292919278620890518

38 Doot the Sneak (level 3, -3/21 HPs)
             Began as an Octopode Hedge Wizard on June 15, 2022.
             Slain by an orc
             ... wielding a +0 dagger
              (5 damage)
             ... on level 3 of the Dungeon.
             The game lasted 00:03:53 (1318 turns).

Doot the Sneak (Octopode Hedge Wizard)              Turns: 1318, Time: 00:03:54

Health: -3/21      AC:  1    Str:  9    XL:     3   Next: 43%
Magic:  3/7        EV: 13    Int: 18    God:
Gold:   31         SH:  0    Dex: 11    Spells: 0/8 levels left

rFire   . . .      SeeInvis .   a - +0 dagger
rCold   . . .      Faith    .   (no shield)
rNeg    . . .      Spirit   .   b - +0 hat
rPois   .          Reflect  .   (no amulet)
rElec   .          Harm     .   (no ring)
rCorr   .          Rampage  .   (no ring)
Will    .....                   (no ring)
Stlth   +++.......              (no ring)
HPRegen 0.07/turn               (no ring)
MPRegen 0.10/turn               (no ring)
                                (no ring)
                                (no ring)

@: on blink cooldown
A: almost no armour, amphibious, 8 rings, camouflage 1, gelatinous body 1,
(nimble swimmer 1), tentacles
a: no special abilities


You were on level 3 of the Dungeon.
You visited 1 branch of the dungeon, and saw 3 of its levels.

You collected 31 gold pieces.

Inventory:

Hand Weapons
 a - a +0 dagger (weapon)
Armour
 b - a +0 hat (worn)
Potions
 c - a potion of attraction {unknown}
 d - a potion of degeneration
 e - a potion of ambrosia {unknown}


   Skills:
 + Level 1.3 Short Blades
 + Level 2.0 Dodging
 + Level 3.4 Stealth
 + Level 3.4 Spellcasting
 + Level 1.1 Conjurations
 * Level 0.2 Hexes
 + Level 1.0 Summonings
 + Level 1.0 Translocations


You couldn't memorise any spells.
You knew the following spells:

 Your Spells              Type           Power      Damage    Failure   Level
a - Magic Dart            Conj           28%        1d4       10%         1
b - Blink                 Tloc           12%        N/A       16%         2
c - Call Imp              Summ           6%         N/A       16%         2
d - Slow                  Hex            16%        N/A       14%         1
e - Ensorcelled Hibernat  Hex/Ice        6%         N/A       22%         2

Your spell library contained the following spells:

 Spells                   Type           Power      Damage    Failure   Level
 Beastly Appendage        Tmut           6%         N/A       16%         1
 Pain                     Necr           12%        1d4       16%         1
 Passwall                 Tmut/Erth      2%         N/A       24%         2
 Wereblood                Tmut           3%         N/A       24%         2
 Dazzling Flash           Conj/Hex       10%        N/A       34%         3
 Conjure Flame            Conj/Fire      5%         6-21      36%         3
 Mephitic Cloud           Conj/Pois/Air  4%         N/A       38%         3
 Spider Form              Tmut/Pois      3%         N/A       43%         3
 Swiftness                Air            3%         N/A       43%         3
 Agony                    Necr           3%         N/A       99%         5
 Excruciating Wounds      Necr           1%         N/A       99%         5
 Silence                  Hex/Air        1%         N/A       99%         5


Dungeon Overview and Level Annotations

Branches:
Dungeon (3/15)

Altars:

Annotations:
D:2 Sigmund


Innate Abilities, Weirdness & Mutations

You cannot wear most types of armour.
You are amphibious.
You can wear up to eight rings at the same time.
Your skin changes colour to match your surroundings (Stealth+).
Your rubbery body absorbs attacks. (AC +1, EV +1)
((You are camouflaged when in or above water. (Stealth+)))
You have tentacles for arms and can constrict up to eight enemies at once.


Message History

The giant cockroach misses you.
The giant cockroach waves its antennae.
The giant cockroach bites you.
As you read the scroll labelled ZOPNELIBBI, it crumbles to dust.
It is a scroll of identify.
d - a potion of degeneration The giant cockroach closely misses you.
Okay, then.
Unknown command.
Unknown command.
Casting: Magic Dart (safe; 10% risk of failure)
Confirm with . or Enter, or press ? or * to list all spells.
You blink.
The kobold shouts!
The orc misses you.
The orc hits you from afar with a +0 trident.
The kobold hits you with a +0 short sword.
The orc hits you with a +0 dagger. The orc hits you with a +0 flail!
* * * LOW HITPOINT WARNING * * *
Found a scroll of identify.
You feel stable enough to blink again.
An adder comes into view.
Unknown command.
Unknown command.
Unknown command.
An endoplasm comes into view.
Found 10 gold pieces.
Casting: Blink (safe; 16% risk of failure)
Confirm with . or Enter, or press ? or * to list all spells.
You blink.
The adder hisses angrily.
The kobold throws a stone.
The stone closely misses you. The adder barely misses you.
You feel stable enough to blink again.
The kobold throws a stone.
The stone hits you.
* * * LOW HITPOINT WARNING * * *
Casting: Blink (safe; 16% risk of failure)
Confirm with . or Enter, or press ? or * to list all spells.
You blink.
The orc hits you with a +0 dagger.
You die...

#.............#
+.............#
#..............
....J..$...#
..........#
#........
##+###.....#
#.......o..#
#........B@#
#.?....###o#
#+...####S#
+...oKK.ยง#
#...######
#####.B.#
........#
#.......o#
#........# #.##


You could see an adder, 2 orcs, an endoplasm (asleep) and a giant cockroach.

Vanquished Creatures
  An adder (D:2)
  5 bats
  2 endoplasms (D:3)
  8 giant cockroaches (D:3)
  A hobgoblin (D:1)
  A kobold (D:3)
  3 ball pythons
  A frilled lizard (D:3)
  A goblin (D:1)
  3 rats (D:1)
26 creatures vanquished.

Vanquished Creatures (others)
  A fungus (D:1)
  3 plants (D:1)
4 creatures vanquished.

Grand Total: 30 creatures vanquished

Notes
Turn   | Place    | Note
-------+----------+-------------------------------------------
     0 | D:1      | Doot the Octopode Hedge Wizard began the quest for the Orb.
     0 | D:1      | Reached XP level 1. HP: 11/11 MP: 4/4
   287 | D:1      | Reached XP level 2. HP: 5/17 MP: 1/6
   293 | D:1      | Learned a level 2 spell: Blink
   296 | D:1      | Learned a level 2 spell: Call Imp
   298 | D:1      | Learned a level 1 spell: Slow
   650 | D:2      | Reached skill level 1 in Short Blades
   856 | D:2      | Noticed Sigmund
  1073 | D:3      | Reached XP level 3. HP: 21/21 MP: 4/7
  1076 | D:3      | Learned a level 2 spell: Ensorcelled Hibernation
  1301 | D:3      | HP: 1/21 [orc/+0 flail (9)]
  1318 | D:3      | Slain by an orc

Illustrated notes

Levels and vault maps discovered:
D:1:      roderic_octagonal_star, layout_basic, serial_shops, shop,
          dreamdust_ecumenical_altar_grove
D:2:      layout_loops_ring, uniq_sigmund
D:3:      minmay_roachtagon, layout_basic

Skill      XL: |  1  2 |
---------------+-------+-----
Stealth        | 3 |  3.4
Short Blades   | 1 |  1.3
Dodging        | |  2.0
Spellcasting   | |  3.4
Conjurations   | |  1.1
Hexes          | |  0.2
Summonings     | |  1.0
Translocations | |  1.0

Action                   || total
-------------------------++-------
Melee: Dagger            ||    29
       Constrict         ||     8
       Tentacles         ||     6
 Cast: Magic Dart        ||    27
       Blink             ||     3
  Use: Scroll            ||     1
 Stab: Sleeping          ||     6
Armor: Skin              ||     2
Dodge: Dodged            ||    25
